 Dungeon Crawl Stone Soup version 0.28.0 (webtiles) character file.

Game seed: 13114080503813009507

72 386 the Digger (level 4, -3/25 HPs)
             Began as a Gargoyle Earth Elementalist on Feb 17, 2022.
             Blown up by Ijyb (5 damage)
             ... with a mindburst bolt
             ... on level 3 of the Dungeon.
             The game lasted 00:23:57 (1992 turns).

386 the Digger (Gargoyle Earth Elementalist)        Turns: 1992, Time: 00:23:58

Health: -3/25      AC:  5    Str: 10 (11) XL:     4   Next: 26%
Magic:  1/7        EV: 11    Int: 17 (18) God:
Gold:   58         SH:  0    Dex:  7 (10) Spells: 3/7 levels left

rFire   . . .      SeeInvis +   i - +1 spear of Tomorrow {freeze, rElec rN+ SInv}
rCold   . . .      Faith    .   (no shield)
rNeg    + + .      Spirit   .   b - +0 robe
rPois   ∞          Reflect  .   (no helmet)
rElec   +          Harm     .   (no cloak)
rCorr   .          Rampage  .   (no gloves)
Will    .....                   (no boots)
Stlth   ++........              (no amulet)
HPRegen 0.08/turn               (no ring)
MPRegen 0.10/turn               (no ring)

@: no status effects
A: sickness immunity, AC +3, negative energy resistance 1, electricity
resistance, torment resistance 1, petrification resistance
a: no special abilities


You were on level 3 of the Dungeon.
You visited 1 branch of the dungeon, and saw 4 of its levels.

You collected 58 gold pieces.

Inventory:

Hand Weapons
 a - a +0 dagger
 i - the +1 spear of Tomorrow (weapon) {freeze, rElec rN+ SInv}
   (You found it on level 2 of the Dungeon)

   It freezes those it strikes, dealing additional cold damage.
   It can also slow down cold-blooded creatures.
   rElec:     It insulates you from electricity.
   rN:        It protects you from negative energy.
   SInv:      It lets you see invisible.
 q - a +0 vorpal trident
Missiles
 c - 40 stones
Armour
 b - a +0 robe (worn)
 m - a +0 kite shield
 r - a +0 ring mail
Jewellery
 k - the amulet "Qecav" {Regen+ MP+9}
   (You found it on level 2 of the Dungeon)

   [amulet of regeneration]

   MP:        It affects your magic capacity (+9).
   Regen:     It increases your rate of health regeneration.
Scrolls
 d - a scroll of amnesia {unknown}
 e - a scroll of fog {unknown}
 f - a scroll of enchant armour {unknown}
 h - 6 scrolls of identify {unknown}
 p - a scroll of noise {unknown}
Potions
 g - a potion of curing {unknown}
 j - a potion of degeneration
 l - a potion of lignification {unknown}
 n - a potion of invisibility {unknown}
 o - a potion of haste {unknown}
 s - a potion of might {unknown}


   Skills:
 + Level 1.3 Fighting
 + Level 2.0 Dodging
 + Level 2.9 Stealth
 + Level 0.0 Shields
 + Level 2.4 Spellcasting
 + Level 1.4 Transmutations
 + Level 4.0 Earth Magic


You had 3 spell levels left.
You knew the following spells:

 Your Spells              Type           Power      Damage    Failure   Level
a - Sandblast             Erth           30%        2d9       3%          1
b - Stone Arrow           Conj/Erth      18%        3d8       24%         3

Your spell library contained the following spells:

 Spells                   Type           Power      Damage    Failure   Level
 Passwall                 Tmut/Erth      9%         N/A       9%          2
 Ignite Poison            Fire/Tmut/Pois 3%         N/A       43%         3
 Conjure Flame            Conj/Fire      2%         6-21      50%         3
 Petrify                  Tmut/Erth      11%        N/A       52%         4
 Sticky Flame             Conj/Fire      2%         2d3       88%         4


Dungeon Overview and Level Annotations

Branches:
Dungeon (4/15)
 Temple: D:4-7

Altars:

Annotations:
D:3 2 runed translucent doors, Deca's ghost, amateur DrBe; Ijyb


Innate Abilities, Weirdness & Mutations

You are immune to sickness and miasma.
Your stone body is resilient. (AC +3)
You are immune to poison.
You resist negative energy. (rN+)
You are resistant to electric shocks. (rElec)
You are resistant to unholy torment.
You are immune to petrification.


Message History

The blast of sand hits Ijyb but does no damage.
Ijyb closely misses you.
Aiming: Sandblast (safe; 3% risk of failure)
Press: ? - help, Q - select action, (/) - cycle Shift-Dir - straight line, f/p - Ijyb
Aim: Ijyb, wielding a +0 club, wearing a +0 scale mail and carrying a wand of mindburst (19) (77% to hit)
The blast of sand hits Ijyb but does no damage.
Ijyb barely misses you.
You hit Ijyb but do no damage.
Ijyb zaps a wand.
Your mind is blasted!
Ijyb barely misses you.
Press: ? - help, v - describe, . - travel
Here: Ijyb, wielding a +0 club, wearing a +0 scale mail and carrying a wand of mindburst (18)
The floor.
Unknown command.
Unknown command.
Casting: Sandblast (safe; 3% risk of failure)
Confirm with . or Enter, or press ? or * to list all spells.
The spell is extremely dangerous to miscast (22% risk of failure)!
Continue anyway?
Uppercase [Y]es or [N]o only, please.
The spell is extremely dangerous to miscast (22% risk of failure)!
Continue anyway?
Aiming: Stone Arrow (extremely dangerous; 22% risk of failure)
Press: ? - help, Shift-Dir - straight line, f/p - Ijyb
Aim: Ijyb, wielding a +0 club, wearing a +0 scale mail and carrying a wand of mindburst (18) (60% to hit)
The stone arrow hits Ijyb.
Ijyb is lightly wounded.
Ijyb hits you with a +0 club.
You don't have enough magic to cast this spell.
You don't have enough magic to cast this spell.
Okay, then.
Unknown command.
It was a potion of degeneration.
There was something very wrong with that liquid.
You feel weakened.
You feel dopey.
You feel clumsy. Ijyb closely misses you.
Ijyb grins evilly.
Ijyb zaps a wand.
Your mind is blasted!
Ouch! That really hurt!
* * * LOW HITPOINT WARNING * * *
Ijyb screams, "Get away!"
Ijyb zaps a wand.
Your mind is blasted!
You die...

### +#.#+
#.# #.#
#.# ##.##
#...#
##.##
#..# #@##
#.#######
#........
#g#######
#.# #.#
#.####.#
#......#
########


You could see Ijyb.

Vanquished Creatures
  A hound skeleton (D:4)
  An adder (D:2)
  2 orcs (D:3)
  A ball python (D:1)
  2 bats
  5 endoplasms
  A giant cockroach (D:3)
  7 goblins
  6 hobgoblins
  4 kobolds
  5 quokkas
  A frilled lizard (D:1)
  7 rats
43 creatures vanquished.

Notes
Turn   | Place    | Note
-------+----------+-------------------------------------------
     0 | D:1      | 386 the Gargoyle Earth Elementalist began the quest for the
                  | Orb.
     0 | D:1      | Reached XP level 1. HP: 10/10 MP: 3/3
    90 | D:1      | Found a faded altar of an unknown god.
   241 | D:1      | Reached skill level 1 in Transmutations
   449 | D:1      | Reached XP level 2. HP: 16/16 MP: 1/5
  1027 | D:2      | Reached skill level 1 in Fighting
  1027 | D:2      | Reached XP level 3. HP: 20/20 MP: 3/6
  1028 | D:2      | Identified the +1 spear of Tomorrow {freeze, rElec rN+
                  | SInv}
  1144 | D:2      | Identified the amulet "Qecav" {Regen+ MP+9}
  1175 | D:2      | You fall into a shaft and drop 2 floors!
  1186 | D:4      | Reached skill level 4 in Earth Magic
  1244 | D:3      | Found a runed translucent door.
  1497 | D:2      | Reached XP level 4. HP: 22/25 MP: 5/7
  1722 | D:3      | Found a runed translucent door.
  1732 | D:3      | Noticed Deca's ghost (amateur DrBe)
  1784 | D:3      | Learned a level 3 spell: Stone Arrow
  1977 | D:3      | Noticed Ijyb
  1986 | D:3      | HP: 1/25 [disintegration (14)]
  1992 | D:3      | Blown up by Ijyb

Illustrated notes

Levels and vault maps discovered:
D:1:      dpeg_arrival_rhombi, layout_loops_corners, basic_ecumenical_altar,
          chequers_serial_rivers_micro_e
D:2:      layout_rooms
D:3:      layout_basic, grunt_temple_overflow_cloverleaf,
          nicolae_qazlal_general_emergency, ebering_ghost_sewer_f, st_stairs_13,
          uniq_ijyb
D:4:      layout_layer_cave, grunt_temple_overflow_lords_of_destruction

Skill      XL: |  1  2  3 |
---------------+----------+-----
Transmutations | 1 |  1.4
Fighting       | 1 |  1.3
Dodging        | 2 |  2.0
Earth Magic    | 4 |  4.0
Stealth        | |  2.9
Spellcasting   | |  2.4

Action                   |  1- 3 |  4- 6 || total
-------------------------+-------+-------++-------
Melee: Dagger            |    11 |       ||    11
       Spear             |    16 |     7 ||    23
 Cast: Sandblast         |    34 |    15 ||    49
       Stone Arrow       |       |     1 ||     1
  Use: Potion            |       |     1 ||     1
 Stab: Sleeping          |     1 |     2 ||     3
Armor: Robe              |     8 |     1 ||     9
Dodge: Dodged            |    12 |     8 ||    20
